 Dungeon Crawl Stone Soup version 0.22.1-2-g9c5b331 (webtiles) character file.

268 HoaS the Skirmisher (level 6, -10/61 HPs)
             Began as a Gargoyle Berserker on Dec 24, 2018.
             Was a Believer of Trog.
             Mangled by a wight
             ... wielding a +4 great sword
              (14 damage)
             ... on level 3 of the Dungeon.
             The game lasted 00:08:12 (2567 turns).

HoaS the Skirmisher (Gargoyle Berserker)            Turns: 2567, Time: 00:08:12

Health: -10/61     AC: 11    Str: 26    XL:     6   Next: 21%
Magic:  6/6        EV: 11    Int:  7    God:    Trog [**....]
Gold:   163        SH:  0    Dex: 11    Spells: 5/5 levels left

rFire    . . .     SeeInvis .     - Unarmed
rCold    . . .     Gourm    .   (no shield)
rNeg     + . .     Faith    .   c - +0 ring mail
rPois    ∞         Spirit   .   e - +1 helmet
rElec    +         Reflect  .   (no cloak)
rCorr    +         Harm     .   (no gloves)
MR       .....                  (no boots)
Stlth    ..........             (no amulet)
HPRegen  0.20/turn              f - ring of stealth
MPRegen  0.10/turn              o - ring of resist corrosion

@: berserking, very quick
A: negative energy resistance 1, electricity resistance, unbreathing,
petrification resistance, rot immunity, AC +4
a: Berserk, Trog's Hand, Renounce Religion


You were on level 3 of the Dungeon.
You worshipped Trog.
Trog was pleased with you.
You were hungry.

You visited 1 branch of the dungeon, and saw 4 of its levels.

You collected 163 gold pieces.

Inventory:

Armour
 a - a +0 chain mail
 c - a +0 ring mail (worn)
 e - a +1 helmet (worn)
Jewellery
 f - a ring of stealth (left hand)
 g - an uncursed ring of fire
 o - a ring of resist corrosion (right hand)
Wands
 s - a wand of iceblast (8)
Scrolls
 i - 6 scrolls of remove curse
 l - 5 scrolls of teleportation
 m - 3 scrolls of identify
 q - a scroll of magic mapping {unknown}
 u - a scroll of blinking {unknown}
Potions
 d - 4 potions of brilliance {unknown}
 h - a potion of ambrosia {unknown}
 j - 2 potions of might {unknown}
 k - a potion of berserk rage {unknown}
 n - 3 potions of curing
 p - 2 potions of degeneration {unknown}
 t - a potion of mutation {unknown}
Comestibles
 b - 4 rations


   Skills:
 + Level 5.7 Fighting
 - Level 2.1 Armour
 - Level 1.5 Dodging
 + Level 5.2 Unarmed Combat


You had 5 spell levels left.
You didn't know any spells.
Your spell library was empty.

Dungeon Overview and Level Annotations

Branches:
Dungeon (4/15)
 Temple: D:4-7

Altars:
Qazlal


Innate Abilities, Weirdness & Mutations

You are resistant to torment.
Your stone body is resilient. (AC +4)
You are immune to poison.
You resist negative energy. (rN+)
You are resistant to electric shocks. (rElec)
You can survive without breathing.
You are immune to petrification.
You are immune to rotting.


Message History

The wight hits you with an enchanted great sword!
* * * LOW HITPOINT WARNING * * *
The wight hits you with an enchanted dagger.
* * * LOW HITPOINT WARNING * * *
The wight hits you but does no damage. x2
You climb upwards.
There is a stone staircase leading down here.
A red film seems to cover your vision as you go berserk!
You feel yourself moving faster!
You feel mighty!
You are feeling hungry.
You punch the wight!
The wight is heavily damaged.
You hit the wight but do no damage.
The wight is heavily damaged.
The wight hits you with an enchanted dagger.
* * * LOW HITPOINT WARNING * * *
You hit the wight.
The wight is severely damaged.
The wight hits you with an enchanted great sword!
You die...

.# .# .#######
.##....# .#..<#.#
####### .#####.#
#.....#
.......###.....#
.........#.....###
..............zz@#
########.#.....#z#
#.#.....#z#
#.#.......#####
########.#...........#
.........#......####.#
########.####)#.#.##.#
# #.# #.#.#..#.# # #.#
#.#.#..#.#


You could see 4 wights.

Vanquished Creatures
  Eustachio (D:4)
  A hound (D:4)
  2 adders
  2 worms (D:2)
  2 dart slugs
  A leopard gecko (D:1)
  2 orcs (D:3)
  7 bats
  A giant cockroach (D:1)
  5 goblins
  12 hobgoblins
  7 jackals (D:3)
  3 quokkas
  A ball python (D:4)
  5 frilled lizards
  4 kobolds
  A quokka skeleton (D:4)
  10 rats
67 creatures vanquished.

Notes
Turn   | Place    | Note
-------+----------+-------------------------------------------
     0 | D:1      | HoaS the Gargoyle Berserker began the quest for the Orb.
     0 | D:1      | Reached XP level 1. HP: 14/14 MP: 1/1
   171 | D:1      | Reached XP level 2. HP: 14/19 MP: 2/2
   669 | D:2      | Reached XP level 3. HP: 24/24 MP: 3/3
   821 | D:2      | Reached ** piety under Trog
  1443 | D:3      | Reached XP level 4. HP: 30/30 MP: 4/4
  1791 | D:3      | Found a stormy altar of Qazlal.
  2250 | D:4      | Reached skill level 5 in Fighting
  2250 | D:4      | Reached XP level 5. HP: 33/35 MP: 5/5
  2288 | D:4      | Noticed Eustachio
  2337 | D:4      | Killed Eustachio
  2337 | D:4      | Reached skill level 5 in Unarmed Combat
  2337 | D:4      | Reached XP level 6. HP: 18/41 MP: 6/6
  2567 | D:3      | Mangled by a wight

Skill      XL: |  1  2  3  4  5 |
---------------+----------------+-----
Fighting       | 4 5 |  5.7
Unarmed Combat | 4 5 |  5.2
Armour         | |  2.1
Dodging        | |  1.5

Action                   |  1- 3 |  4- 6 || total
-------------------------+-------+-------++-------
Melee: Unarmed           |   172 |   122 ||   294
       Punch             |     1 |     1 ||     2
Invok: Trog's Hand       |       |     1 ||     1
       Berserk           |       |     1 ||     1
  Use: Scroll            |     8 |     2 ||    10
 Stab: Sleeping          |     1 |     1 ||     2
  Eat: Chunk             |     2 |     4 ||     6
Armor: Ring mail         |    82 |    59 ||   141
Dodge: Dodged            |   125 |    77 ||   202
